 Dungeon Crawl Stone Soup version 0.31-a0-233-g139696dc86 (webtiles) character file.

Game seed: 3575497531518344123

47 qw the Shooter (level 3, -4/21 HPs)
             Began as a Gargoyle Hexslinger on July 9, 2023.
             Slain by Sigmund
             ... wielding a +0 scythe
              (6 damage)
             ... on level 2 of the Dungeon.
             The game lasted 00:00:44 (949 turns).

qw the Shooter (Gargoyle Hexslinger)                 Turns: 949, Time: 00:00:44

Health: -4/21      AC:  5    Str: 11    XL:     3   Next: 70%
Magic:  4/4        EV: 12    Int: 13    God:
Gold:   31         SH:  0    Dex: 14    Spells: 3/4 levels left

rFire   . . .        Y - +1 sling
rCold   . . .        (no shield)
rNeg    + . .        c - +0 robe
rPois   inf          (no helmet)
rElec   +            (no cloak)
rCorr   .            (no gloves)
SInv    .            (no boots)
Will    .....        (no amulet)
Stlth   +            (no ring)
HPRegen 0.23/turn    (no ring)
MPRegen 0.09/turn

%: no passive effects
@: no status effects
A: sickness immunity, AC +3, negative energy resistance 1, electricity
resistance, torment resistance 1, petrification resistance
a: no special abilities


You were on level 2 of the Dungeon.
You visited 1 branch of the dungeon, and saw 2 of its levels.

You collected 31 gold pieces.


Innate Abilities, Weirdness & Mutations

You are immune to sickness and miasma.
Your stone body is resilient. (AC +3)
You are immune to poison.
You resist negative energy. (rN+)
You are resistant to electric shocks. (rElec)
You are resistant to unholy torment.
You are immune to petrification.


   Skills:
 - Level 2.0 Fighting
 + Level 3.5 Ranged Weapons
 - Level 1.5 Dodging
 - Level 1.0 Spellcasting
 - Level 2.6 Hexes


You had 3 spell levels left.
You knew the following spells:

 Your Spells              Type           Power      Damage    Failure   Level
a - Slow                  Hex            28%        N/A       10%         1

Your spell library contained the following spells:

 Spells                   Type           Power      Damage    Failure   Level
 Inner Flame              Hex/Fire       4%         N/A       43%         3
 Portal Projectile        Hex/Tloc       8%         N/A       43%         3
 Cause Fear               Hex            3%         N/A       67%         4

Inventory:

Hand Weapons
 Y - a +1 sling (weapon)
Armour
 c - a +0 robe (worn)
Scrolls
 e - a scroll of identify
Potions
 f - a potion of heal wounds {unknown}

Dungeon Overview and Level Annotations

Branches:
Dungeon (2/15)

Altars:

Annotations:
D:2 Sigmund


Message History

Sigmund closely misses you.
Sigmund screams, "Don't try to resist!"
Sigmund casts a spell at you.
You are confused.
Sigmund closely misses you.
Your transformation is almost over.
Sigmund screams, "Don't try to resist!"
Sigmund barely misses you. Sigmund closely misses you.
Sigmund closely misses you.
You feel less confused. Sigmund closely misses you. Sigmund misses you.
Sigmund barely misses you. Sigmund hits you but does no damage.
You stop sporulating.
Your +1 sling unmelds from your body.
Your +0 robe unmelds from your body.
Sigmund hits you from afar with a +0 scythe.
You shoot a sling bullet.
The sling bullet closely misses Sigmund.
You shoot a sling bullet.
The sling bullet closely misses Sigmund.
Sigmund screams, "I am the angel of ZOT!!!"
Sigmund completely misses you.
You shoot a sling bullet.
The sling bullet closely misses Sigmund.
Sigmund casts a spell at you. The puff of flame hits you!
Sigmund casts a spell.
Sigmund flickers and vanishes!
Deactivating autopickup; reactivate with Ctrl-A.
Autopickup is now on.
You start resting.
You hear some strange, mumbled words.
A puff of flame appears from out of thin air!
Deactivating autopickup; reactivate with Ctrl-A.
The puff of flame hits you!
You shoot a sling bullet. Something hits you.
You die...

#..........
###..........
.#####...!.......?
..........)......#
................#
#.####.........#
##........#
..#######{.<.....#
.......@....^....#
#########........#
##########


There were no monsters in sight!

Vanquished Creatures
  A dart slug (D:1)
  7 endoplasms (D:1)
  3 goblins
  3 hobgoblins (D:1)
  3 jackals (D:1)
  3 quokkas
  3 ball pythons (D:1)
  A bat (D:1)
  5 frilled lizards (D:1)
  9 kobolds (D:1)
  2 rats (D:1)
40 creatures vanquished.

Notes
Turn   | Place    | Note
-------+----------+-------------------------------------------
     0 | D:1      | qw the Gargoyle Hexslinger began the quest for the Orb.
     0 | D:1      | Reached XP level 1. HP: 12/12 MP: 2/2
     0 | D:1      | 0 ||| qw: Version: 0.3-a-51-g015441d
     0 | D:1      | 0 ||| qw: Game counter: 3902
     0 | D:1      | 0 ||| qw: Melee chars always use a shield: true
     0 | D:1      | 0 ||| qw: God list: Okawaru
     0 | D:1      | 0 ||| qw: Allow faded altars: false
     0 | D:1      | 0 ||| qw: Do Orc after clearing Dungeon:15 true
     0 | D:1      | 0 ||| qw: Do second Lair branch before Depths: true
     0 | D:1      | 0 ||| qw: Lair rune preference: random
     0 | D:1      | 0 ||| qw: Goals: Normal
     0 | D:1      | 0 ||| PLANNING D:1-11
    90 | D:1      | Reached XP level 2. HP: 8/16 MP: 3/3
   177 | D:1      | Reached skill level 3 in Ranged Weapons
   263 | D:1      | Reached XP level 3. HP: 21/21 MP: 4/4
   679 | D:1      | 679 ||| READING scroll labelled PIEQIM ATYDDIU.
   683 | D:1      | 683 ||| READING 2 scrolls labelled EKHALA AGUV.
   684 | D:1      | 684 ||| READING scroll labelled MEWKAO PAKECRI.
   685 | D:1      | 685 ||| DROPPING scroll of poison.
   705 | D:2      | Noticed Sigmund
   712 | D:2      | 712 ||| STAIRDANCE
   750 | D:2      | 750 ||| STAIRDANCE
   752 | D:1      | 752 ||| FLEEEEING.
   753 | D:1      | 753 ||| FLEEEEING.
   754 | D:1      | 754 ||| FLEEEEING.
   755 | D:1      | 755 ||| FLEEEEING.
   756 | D:1      | 756 ||| FLEEEEING.
   757 | D:1      | 757 ||| FLEEEEING.
   758 | D:1      | 758 ||| FLEEEEING.
   759 | D:1      | 759 ||| FLEEEEING.
   760 | D:1      | 760 ||| FLEEEEING.
   761 | D:1      | 761 ||| FLEEEEING.
   762 | D:1      | 762 ||| FLEEEEING.
   763 | D:1      | 763 ||| FLEEEEING.
   766 | D:1      | 766 ||| FLEEEEING.
   767 | D:1      | 767 ||| FLEEEEING.
   768 | D:1      | 768 ||| FLEEEEING.
   769 | D:1      | 769 ||| FLEEEEING.
   770 | D:1      | 770 ||| FLEEEEING.
   771 | D:1      | 771 ||| FLEEEEING.
   772 | D:1      | 772 ||| FLEEEEING.
   773 | D:1      | 773 ||| FLEEEEING.
   779 | D:1      | 779 ||| FLEEEEING.
   780 | D:1      | 780 ||| FLEEEEING.
   781 | D:1      | 781 ||| FLEEEEING.
   782 | D:1      | 782 ||| FLEEEEING.
   783 | D:1      | 783 ||| FLEEEEING.
   784 | D:1      | 784 ||| FLEEEEING.
   785 | D:1      | 785 ||| FLEEEEING.
   786 | D:1      | 786 ||| FLEEEEING.
   840 | D:2      | 840 ||| STAIRDANCE
   862 | D:2      | 862 ||| STAIRDANCE
   948 | D:2      | HP: 2/21 [something/puff of flame (9)]
   949 | D:2      | Slain by Sigmund

Levels and vault maps discovered:
D:1:      lightli_arrival_farm, layout_basic, minmay_hedge_maze
D:2:      layout_rooms, uniq_sigmund

Skill      XL: |  1  2 |
---------------+-------+-----
Ranged Weapons | 3 |  3.5
Fighting       | 2 |  2.0
Dodging        | |  1.5
Spellcasting   | |  1.0
Hexes          | |  2.6

Action                     || total
---------------------------++-------
   Fire: Sling             ||   153
    Use: Scroll            ||     3
 Armour: Robe              ||    25
         Skin              ||     1
  Dodge: Dodged            ||    67

Table legend:
 A = Non-vault XP
 B = Vault XP
 C = Vault XP percentage of total XP
 D = Non-vault monster count
 E = Vault monster count
 F = Vault count percentage of total count
                 A         B        C        D         E       F
            +---------+---------+-------+---------+---------+-------
      Total |      68 |       0 |   0.0 |      40 |       0 |   0.0
            +---------+---------+-------+---------+---------+-------
        D:1 |      64 |       0 |   0.0 |      38 |       0 |   0.0
        D:2 |       4 |       0 |   0.0 |       2 |       0 |   0.0
            +---------+---------+-------+---------+---------+-------
